 Dungeon Crawl Stone Soup version 0.19-a0-1168-g98094fc (webtiles) character file.

59712 mmcf the Fencer (level 14, -5/133 HPs)
             Began as a Minotaur Gladiator on Aug 13, 2016.
             Was the Champion of Dithmenos.
             Slain by an orc warrior
             ... wielding a +0 long sword
              (29 damage)
             ... while paralysed by an orc sorcerer
             ... on level 1 of the Orcish Mines on Aug 15, 2016.
             The game lasted 01:01:09 (22619 turns).

mmcf the Fencer (Minotaur Gladiator)               Turns: 22619, Time: 01:01:10

Health: -5/133     AC:  2    Str: 21    XL:     14   Next: 54%
Magic:  4/4        EV:  2    Int: 18    God:    Dithmenos [******]
Gold:   2058       SH:  0    Dex: 25    Spells: 4 memorised, 7 levels left

rFire  . . .     SeeInvis .     a - +0 great sword
rCold  . . .     Gourm    .     F - +5 ring mail of Blue Skies {*Confuse rElec MP-9 Int+9}
rNeg   . . .     Faith    .     (shield currently unavailable)
rPois  .         Spirit   .     (helmet unavailable)
rElec  +         Dismiss  .     y - +0 cloak
rCorr  .         Reflect  .     n - +2 pair of gloves
MR     +....     Harm     .     K - +1 pair of boots "Nuwexuq" {Dex+4 Stlth+}
Stlth  ++++......               (no amulet)
                                R - ring "Sieh" {Fire Dex+4}
                                L - ring of ice

@: paralysed, corroded, wreathed by umbra, drained
A: retaliatory headbutt, horns 3, agile 1, clever 2
a: Shadow Step, Shadow Form, Renounce Religion


You were on level 1 of the Orcish Mines.
You worshipped Dithmenos.
Dithmenos was exalted by your worship.
You were not hungry.

You visited 3 branches of the dungeon, and saw 20 of its levels.
You also visited: Ossuary.

You collected 2319 gold pieces.
You spent 261 gold pieces at shops.

Inventory:

Hand Weapons
 a - a +0 great sword (weapon)
 b - a +0 blowgun
Missiles
 c - 11 tomahawks
 e - 5 poisoned tomahawks
 i - 6 curare-tipped needles
 t - 23 poisoned needles
 U - 4 javelins (quivered)
Armour
 n - a +2 pair of gloves (worn)
 y - a +0 cloak (worn)
 F - the +5 ring mail of Blue Skies (worn) {*Confuse rElec MP-9 Int+9}
   (You bought it in a shop on level 5 of the Dungeon)

   It affects your intelligence (+9).
   It insulates you from electricity.
   It affects your magic capacity (-9).
   It may confuse you when you take damage.
 K - the +1 pair of boots "Nuwexuq" (worn) {Dex+4 Stlth+}
   (You acquired it on level 4 of the Lair of Beasts)

   It affects your dexterity (+4).
   It makes you more stealthy.
Jewellery
 L - a ring of ice (left hand)
 R - the ring "Sieh" (right hand) {Fire Dex+4}
   (You found it on level 6 of the Lair of Beasts)

   [ring of fire]

   It enhances your fire magic.
   It affects your dexterity (+4).
   It protects you from fire.
   It makes you vulnerable to cold.
Wands
 j - a wand of hasting (4/9)
 H - a wand of lightning (5/15)
 P - a wand of digging (1/24)
Scrolls
 g - 3 scrolls of teleportation
 u - a scroll of fear
 w - 10 scrolls of remove curse
 z - 4 scrolls of blinking
 D - a scroll of identify
 J - 5 scrolls of magic mapping
 M - 2 scrolls of fog
Potions
 h - a potion of resistance
 o - 5 potions of curing
 q - 8 potions of heal wounds
 r - 3 potions of might
 A - 3 potions of agility
 B - a potion of invisibility
 G - a potion of flight
 T - 2 potions of haste
Miscellaneous
 W - a fan of gales
Comestibles
 d - 2 chunks of flesh
 f - 14 bread rations
 k - 9 fruits
 s - 11 beef jerkies
 x - 10 meat rations
 C - 2 royal jellies
 O - 2 slices of pizza


   Skills:
 + Level 14.6(14.2) Fighting
 + Level 17.7(17.3) Long Blades
 + Level 6.4(6.1) Throwing
 - Level 8.1(7.8) Armour
 + Level 13.7(13.4) Dodging
 - Level 4.4(4.1) Translocations


You had 7 spell levels left.
You knew the following spells:

 Your Spells              Type           Power        Failure   Level  Hunger
a - Summon Butterflies    Summ           #.......     34%         1    ##.....
b - Apportation           Tloc           ##........   8%          1    ##.....
c - Blink                 Tloc           N/A          12%         2    ###....
d - Repel Missiles        Chrm/Air       #.....       52%         2    ###....


Dungeon Overview and Level Annotations

Branches:
Dungeon (13/15)            Temple (0/1) D:7            Lair (6/6) D:9
 Shoals (0/4) Lair:4       Spider (0/4) Lair:2        Slime (0/5) Lair:5
    Orc (1/2) D:12
 Vaults: D:13-14

Altars:
Ashenzari
Dithmenos
Fedhas
Gozag
Okawaru
Ru
Trog
Vehumet
Xom
Zin
Jiyva

Shops:
D:5 [


Innate Abilities, Weirdness & Mutations

You reflexively headbutt those who attack you in melee.
You have a pair of large horns on your head.
You are agile. (Dex +2)
Your mind is very acute. (Int +4)


Message History

You kill the ice devil!
The rust devil hits you. The rust devil corrodes you!
The orc sorcerer gestures at you while chanting.
You suddenly lose the ability to move!
The orc warrior hits you but does no damage.
The orc hits you from afar with a trident!
The rust devil hits you. The rust devil corrodes you!
The orc warrior hits you from afar with a glaive!!
The rust devil hits you. The rust devil corrodes you!
The orc hits you from afar with a trident.
The orc warrior hits you from afar with a glaive.
The orc warrior hits you with a long sword!!
* * * LOW HITPOINT WARNING * * *
The orc hits you with a mace.
* * * LOW HITPOINT WARNING * * *
The rust devil barely misses you. The orc hits you but does no damage.
The orc sorcerer hits you with a dagger.
* * * LOW HITPOINT WARNING * * *
The orc warrior hits you with a long sword!!
You die...

.
#.................
#.
#.................
.
..............#...
.......#...#....#
.
.#..........#..##
........#...#
.......(..## #
..>........##.##
...........@ooo#
.........o4oo..#
............o...#
...#........#..##
.............##
.............
....#........#
............


You could see an orc knight, a rust devil, an orc sorcerer, 3 orc warriors and 2
orcs.

Vanquished Creatures
  Gastronok (D:9)
  An orc warlord (D:12)
  A fire dragon (Lair:6)
  Josephine (Orc:1)
  Fannar (D:10)
  Erolcha (Orc:1)
  6 hydras
  A catoblepas (Lair:6)
  9 death yaks
  Urug (D:11)
  3 skeletal warriors (D:12)
  An unseen horror (D:12)
  A wolf spider zombie (D:12)
  2 griffons
  2 ugly things (D:11)
  A cyclops (D:12)
  2 manticores (Lair:6)
  5 elephants
  5 black mambas
  Psyche (D:10)
  12 spiny frogs
  A torpor snail (Lair:6)
  6 rime drakes
  7 komodo dragons
  4 trolls
  A two-headed ogre (D:11)
  28 blink frogs
  4 wyverns
  40 yaks
  A vampire (D:12)
  5 wraiths
  5 basilisks
  Grum (D:11)
  8 hippogriffs
  3 steam dragons (Lair:6)
  3 mottled dragons
  12 water moccasins
  3 sky beasts
  10 porcupines
  8 orc warriors
  A swamp drake (Lair:6)
  3 ice beasts
  A wasp (D:12)
  2 black bears
  An eye of draining (D:9)
  2 phantoms
  A necrophage (D:9)
  3 wolves
  12 centaurs
  12 ogres
  17 crocodiles
  An elf zombie (Ossuary)
  12 giant frogs
  3 scorpions
  2 wyvern skeletons
  3 howler monkeys
  3 crimson imps
  4 centaur zombies
  A quasit (D:9)
  A giant frog zombie (D:6)
  A human zombie (Ossuary)
  5 centaur skeletons
  6 jellies
  5 orc priests
  6 hounds
  3 giant frog skeletons
  8 orc wizards
  Jessica (D:3)
  10 iguanas
  Natasha (thrice) (D:3)
  8 worker ants
  13 sheep
  A big kobold zombie (Ossuary)
  A hound zombie (D:6)
  2 hound skeletons
  2 mummies (Ossuary)
  2 howler monkey zombies
  4 worker ant zombies
  A howler monkey skeleton (D:6)
  3 gnolls (D:8)
  9 adders
  14 river rats
  A shadow imp (D:11)
  4 oozes
  An adder skeleton (D:9)
  2 adder zombies
  2 dart slugs
  7 giant geckos
  47 orcs
  9 giant cockroaches
  3 goblins
  2 hobgoblins
  11 jackals
  7 kobolds
  4 quokkas
  2 ball pythons
  8 bats
  2 giant gecko skeletons
  A giant gecko zombie (D:6)
  3 giant newts
  3 goblin zombies (Ossuary)
  7 hobgoblin zombies (Ossuary)
  A jackal zombie (D:6)
  8 kobold zombies (Ossuary)
  12 orc zombies (Ossuary)
  A quokka skeleton (D:5)
  3 quokka zombies
  6 rats
  3 rat zombies
  2 fungi (Lair:6)
  3 plants
566 creatures vanquished.

Vanquished Creatures (others)
  A crocodile (Lair:6)
  3 fungi
  4 plants
8 creatures vanquished.

Grand Total: 574 creatures vanquished

Notes
Turn   | Place    | Note
-------+----------+-------------------------------------------
     0 | D:1      | mmcf the Minotaur Gladiator began the quest for the Orb.
     0 | D:1      | Reached XP level 1. HP: 18/18 MP: 0/0
   145 | D:1      | Reached skill level 4 in Long Blades
   192 | D:1      | Reached XP level 2. HP: 21/25 MP: 1/1
   419 | D:1      | Reached skill level 5 in Long Blades
   766 | D:2      | Reached XP level 3. HP: 30/30 MP: 2/2
  1188 | D:3      | Reached skill level 6 in Long Blades
  1188 | D:3      | Reached XP level 4. HP: 20/37 MP: 3/3
  1194 | D:3      | Noticed Natasha
  1203 | D:3      | Killed Natasha
  1458 | D:3      | Found a bloodstained altar of Trog.
  1526 | D:2      | Found a shattered altar of Ashenzari.
  1774 | D:2      | Found a shadowy altar of Dithmenos.
  1781 | D:2      | Became a worshipper of Dithmenos the Shadowed
  1945 | D:3      | Reached XP level 5. HP: 40/42 MP: 4/4
  1950 | D:3      | Reached skill level 7 in Long Blades
  1975 | D:3      | Noticed Jessica
  1978 | D:3      | Killed Jessica
  2072 | D:4      | Found a sand-covered staircase.
  2088 | Ossuary  | Entered an ossuary
  2163 | Ossuary  | Reached * piety under Dithmenos
  2275 | Ossuary  | Reached skill level 8 in Long Blades
  2292 | Ossuary  | Reached XP level 6. HP: 32/50 MP: 5/5
  2458 | Ossuary  | Reached ** piety under Dithmenos
  2615 | D:3      | Noticed Natasha
  2622 | D:3      | Killed Natasha
  2622 | D:3      | Reached skill level 9 in Long Blades
  2875 | D:3      | Noticed Natasha
  2889 | D:3      | Killed Natasha
  3255 | D:4      | Reached XP level 7. HP: 56/56 MP: 6/6
  3336 | D:4      | Found an iron altar of Okawaru.
  3344 | D:5      | Entered Level 5 of the Dungeon
  3397 | D:4      | Found a blossoming altar of Fedhas.
  3743 | D:5      | Reached skill level 10 in Long Blades
  4299 | D:6      | Reached XP level 8. HP: 33/66 MP: 7/7
  4619 | D:5      | Gained mutation: You are agile. (Dex +2) [potion of mutation]
  4619 | D:5      | Gained mutation: Your mind is acute. (Int +2) [potion of mutation]
  4619 | D:5      | Gained mutation: You have a pair of large horns on your head. [potion of mutation]
  4620 | D:5      | Gained mutation: Your mind is very acute. (Int +4) [potion of beneficial mutation]
  4652 | D:5      | Reached skill level 11 in Long Blades
  4699 | D:5      | Found Wipn's Antique Armour Emporium.
  4701 | D:5      | Found a shimmering altar of Xom.
  4732 | D:5      | Bought a steaming ring mail for 261 gold pieces
  4742 | D:5      | Identified the +5 ring mail of Blue Skies {*Confuse rElec MP-9 Int+9} (You bought it in a shop on level 5 of the Dungeon)
  4896 | D:5      | Reached skill level 5 in Dodging
  4975 | D:5      | Reached *** piety under Dithmenos
  5063 | D:5      | Reached skill level 5 in Fighting
  5541 | D:6      | Reached skill level 12 in Long Blades
  5564 | D:6      | Reached XP level 9. HP: 51/75 MP: 0/8
  6524 | D:7      | Reached **** piety under Dithmenos
  6550 | D:7      | Found a staircase to the Ecumenical Temple.
  6678 | D:7      | Found a glowing silver altar of Zin.
  6743 | D:7      | Upgraded the game from 0.19-a0-1155-gb6eeeff to 0.19-a0-1166-g02d67b9
  7137 | D:7      | Reached skill level 13 in Long Blades
  7199 | D:9      | Noticed a troll
  7212 | D:9      | Killed a troll
  8369 | D:8      | Reached XP level 10. HP: 86/86 MP: 0/9
  8470 | D:10     | Entered Level 10 of the Dungeon
  8504 | D:9      | Found a radiant altar of Vehumet.
  8553 | D:9      | Noticed Gastronok
  8582 | D:9      | Killed Gastronok
  8582 | D:9      | Reached skill level 14 in Long Blades
  8852 | D:9      | Found a staircase to the Lair.
  8852 | D:9      | Noticed an elephant
  8863 | D:9      | Killed an elephant
  9104 | D:9      | Reached skill level 1 in Armour
  9241 | Lair:1   | Entered Level 1 of the Lair of Beasts
  9402 | Lair:1   | Reached XP level 11. HP: 80/97 MP: 1/10
  9853 | Lair:1   | Reached ***** piety under Dithmenos
 10052 | Lair:1   | Learned a level 1 spell: Summon Butterflies
 10054 | Lair:1   | Learned a level 1 spell: Apportation
 10375 | Lair:1   | Reached skill level 10 in Fighting
 10439 | Lair:2   | Found a hole to the Spider Nest.
 10948 | Lair:2   | Reached skill level 5 in Armour
 11342 | Lair:4   | Reached skill level 10 in Dodging
 11347 | Lair:4   | Found a staircase to the Shoals.
 11448 | Lair:3   | Noticed a griffon
 11451 | Lair:3   | Noticed a five-headed hydra
 11459 | Lair:3   | Killed a griffon
 11978 | Lair:4   | Noticed a death yak
 11979 | Lair:4   | Noticed a death yak
 11979 | Lair:4   | Noticed a death yak
 11980 | Lair:4   | Noticed a death yak
 12193 | Lair:5   | Reached skill level 15 in Long Blades
 12216 | Lair:5   | Noticed a four-headed hydra
 12248 | Lair:5   | Killed a six-headed hydra
 12439 | Lair:6   | Entered Level 6 of the Lair of Beasts
 12462 | Lair:6   | Reached XP level 12. HP: 50/110 MP: 2/11
 12493 | Lair:6   | HP: 5/110 [poisoned by a spiny frog]
 12500 | Lair:6   | HP: 4/110 [poisoned by a spiny frog]
 12507 | Lair:5   | HP: 4/110 [poisoned by a spiny frog]
 12515 | Lair:5   | HP: 5/110 [poisoned by a spiny frog]
 13113 | Lair:4   | Identified 3 scrolls of acquirement
 13128 | Lair:4   | Got a pair of dazzling boots
 13139 | Lair:4   | Identified the +1 pair of boots "Nuwexuq" {Dex+4 Stlth+} (You acquired it on level 4 of the Lair of Beasts)
 13422 | Lair:4   | Killed a death yak
 13429 | Lair:3   | Killed a death yak
 13636 | Lair:4   | Killed a death yak
 13641 | Lair:4   | Killed a death yak
 13992 | Lair:4   | Noticed a seven-headed hydra
 14005 | Lair:4   | Killed an eight-headed hydra
 14456 | Lair:5   | Found a staircase to the Slime Pits.
 14456 | Lair:5   | Found a viscous altar of Jiyva.
 14624 | Lair:5   | Noticed a four-headed hydra
 14637 | Lair:5   | Killed an eight-headed hydra
 15188 | Lair:6   | Reached skill level 16 in Long Blades
 15193 | Lair:6   | Reached skill level 5 in Throwing
 15598 | Lair:6   | Reached XP level 13. HP: 116/119 MP: 3/12
 16210 | Lair:6   | Learned a level 2 spell: Blink
 16213 | Lair:6   | Learned a level 2 spell: Repel Missiles
 16266 | Lair:6   | Reached ****** piety under Dithmenos
 16601 | Lair:6   | Reached skill level 1 in Translocations
 16866 | Lair:6   | Got a glittering amber ring
 16874 | Lair:6   | Identified the ring "Sieh" {Fire Dex+4} (You found it on level 6 of the Lair of Beasts)
 17183 | Lair:6   | Noticed a fire dragon
 17208 | Lair:6   | Killed a fire dragon
 18013 | Lair:6   | Reached skill level 17 in Long Blades
 18995 | Lair:2   | Upgraded the game from 0.19-a0-1166-g02d67b9 to 0.19-a0-1168-g98094fc
 19209 | D:10     | Reached XP level 14. HP: 130/130 MP: 4/13
 19213 | D:10     | Noticed Psyche
 19218 | D:10     | Killed Psyche
 19262 | D:10     | Found a sacrificial altar of Ru.
 19290 | D:10     | Noticed Fannar
 19306 | D:10     | Killed Fannar
 19556 | D:11     | Noticed Grum
 19565 | D:11     | Killed Grum
 19739 | D:11     | Noticed Urug
 19756 | D:11     | Killed Urug
 20119 | D:11     | Found an opulent altar of Gozag.
 21398 | D:12     | Found a staircase to the Orcish Mines.
 22096 | Orc:1    | Entered Level 1 of the Orcish Mines
 22096 | Orc:1    | Noticed Josephine
 22096 | Orc:1    | Noticed an orc warlord
 22184 | D:12     | Killed an orc warlord
 22340 | Orc:1    | Killed Josephine
 22342 | Orc:1    | Noticed Erolcha
 22479 | Orc:1    | Killed Erolcha
 22615 | Orc:1    | Paralysed by an orc sorcerer for 7 turns
 22619 | Orc:1    | Slain by an orc warrior

Vault maps used:
D:1:      dpeg_arrival_fog
D:2:      ashenzari_altar_1, marbit_many_paths
D:3:      lemuel_round_altar, minivault_14, uniq_natasha, uniq_jessica
D:4:      okawaru_gym_becter, fedhas_bush_and_centaur_altar, enter_ossuary_4
D:5:      xom_teletrap_fun, first_bread, serial_shops, shop, minmay_bent
D:6:      nicolae_whirlpool, serial_undead, serial_undead_f, serial_undead_d,
          serial_undead_b, serial_undead_f, serial_undead_d, serial_undead_f,
          minmay_door_square
D:7:      zin_scriptorium
D:8:      grunt_ogre_cave, nicolae_wwwww
D:9:      overflow_temple_1_default, david_lair_generic, serial_glass,
          glass_columns_b, glass_columns_c, glass_columns_b, glass_columns_b,
          uniq_gastronok
D:10:     hangedman_ru_absence, uniq_fannar, uniq_psyche
D:11:     nicolae_gozag_seed_capital, uniq_urug, uniq_grum
D:12:     hiddenorc1_lemuel
D:13:     lightli_vaults_fourway_checkpoint, basic_altar
Lair:1:   cheibrodos_lair_reptile_den
Lair:2:   spider_nest_entry_web_field, cheibrodos_lair_caveside_slide
Lair:3:   grunt_megastairs_3
Lair:4:   boulder_quad_collide, shoals_dummy_entry, grunt_megastairs_5
Lair:5:   slime_altar_1
Lair:6:   guppyfry_lair_end_dragon, hangedman_lair_in_review, ldierk_geyser,
          bobbens_dragon_lair_wall, infiniplex_staircase_pool
Orc:1:    uniq_erolcha, uniq_josephine
Ossuary:  ossuary_tomb_1

Skill      XL: |  1  2  3  4  5  6  7  8  9 10 11 12 13 14 |
---------------+-------------------------------------------+-----
Long Blades    | 4 5 6 8 9 10 12 13 14 15 16 17 | 17.7
Fighting       | 3 5 7 9 11 12 13 14 | 14.6
Dodging        | 4 5 7 9 10 11 13 | 13.7
Armour         | 2 6 8 |  8.1
Throwing       | 4 5 6 |  6.4
Translocations | 3 4 |  4.4

Action                   |  1- 3 |  4- 6 |  7- 9 | 10-12 | 13-15 || total
-------------------------+-------+-------+-------+-------+-------++-------
Melee: Long sword        |    77 |   182 |   392 |   322 |       ||   973
       Headbutt          |    10 |    34 |    91 |   209 |   249 ||   593
       Great sword       |       |       |       |   285 |   668 ||   953
 Fire: Shortbow          |       |       |     1 |       |       ||     1
       Blowgun           |       |       |       |     3 |       ||     3
Throw: Throwing net      |       |       |       |     5 |       ||     5
       Tomahawk          |       |       |       |     2 |     4 ||     6
Evoke: Wand              |       |       |     1 |     4 |     4 ||     9
  Use: Scroll            |       |    10 |    12 |    12 |     3 ||    37
       Potion            |       |       |     2 |     2 |     3 ||     7
 Stab: Held in net/web   |       |       |       |     4 |       ||     4
       Sleeping          |       |       |       |     2 |    15 ||    17
       Distracted        |       |       |       |     2 |     7 ||     9
  Eat: Chunk             |     1 |     6 |    14 |    15 |    12 ||    48
       Pizza             |       |       |     2 |     4 |       ||     6
       Bread ration      |       |       |       |     1 |     1 ||     2
       Meat ration       |       |       |       |       |     1 ||     1
Armor: Leather armour    |    14 |    33 |    18 |       |       ||    65
       Ring mail         |       |       |    64 |   127 |   139 ||   330
Dodge: Dodged            |    44 |    88 |   246 |   423 |   542 ||  1343
